 Dungeon Crawl Stone Soup version 0.31.0-12-g77e489cdc1 (webtiles) character file.

Game seed: 11995251403361991338

1937 ChrisAssaf the Digger (level 8, -3/94 HPs)
             Began as a Yellow Draconian Earth Elementalist on Feb 18, 2024.
             Was a Believer of Qazlal.
             Slain by an ice beast (14 damage)
             ... on level 7 of the Dungeon.
             The game lasted 00:24:48 (6968 turns).

ChrisAssaf the Digger (DrEE)                        Turns: 6968, Time: 00:24:50

Health: -3/94      AC: 24    Str: 10    XL:     8   Next: 97%
Magic:  5/14       EV:  2    Int: 17    God:    Qazlal [**....]
Gold:   287        SH:  2    Dex: 11    Spells: 2/16 levels left

rFire   + . .        (no weapon)
rCold   . . .        (no shield)
rNeg    . . .        (body armour unavailable)
rPois   +            (helmet currently unavailable)
rElec   .            (cloak currently unavailable)
rCorr   .            (gloves currently unavailable)
SInv    .            (boots currently unavailable)
Will    +....        (no amulet)
Stlth   ++           b - ring of wizardry
HPRegen 0.35/turn    k - ring of protection from fire
MPRegen 0.14/turn

%: clarity, wizardry (x1)
@: tree-form (expiring)
A: stationary, stasis, torment immunity, boosted hp, (spit acid), AC +6,
unfitting armour, (cold-blooded), (acid resistance), clarity, clumsy 1,
strong-willed 1
a: Renounce Religion, Upheaval


You were on level 7 of the Dungeon.
You worshipped Qazlal.
Qazlal was pleased with you.
You were a tree.
You visited 2 branches of the dungeon, and saw 8 of its levels.

You collected 439 gold pieces.
You spent 152 gold pieces at shops.

Inventory:

Hand Weapons
 f - a +1 short sword of freezing
 o - the +8 sling of Tuagaskex {freeze, +Blink Str+3}
   (You found it on level 4 of the Dungeon)

   Str+3:     It affects your strength (+3).
   +Blink:    It lets you blink.
Missiles
 e - a throwing net
 x - 5 atropa-tipped darts
Jewellery
 b - a ring of wizardry (left branch)
 k - a ring of protection from fire (right branch)
 t - a ring of ice
 v - a ring of wizardry
Wands
 c - a wand of charming (7)
 w - a wand of iceblast (17)
Scrolls
 h - 2 scrolls of torment
 q - 2 scrolls of blinking
 z - a scroll of teleportation
Potions
 a - a potion of invisibility
 d - 2 potions of enlightenment
 g - 2 potions of curing
 i - a potion of ambrosia
 m - a potion of haste
 n - a potion of lignification
 p - 2 potions of cancellation
 s - a potion of degeneration
 u - a potion of mutation


   Skills:
 * Level 3.1 Fighting
 - Level 1.5 Short Blades
 * Level 3.4 Ranged Weapons
 * Level 3.5 Dodging
 * Level 3.5 Stealth
 * Level 4.6 Spellcasting
 * Level 3.5 Conjurations
 * Level 1.9 Ice Magic
 * Level 2.7 Air Magic
 * Level 5.2 Earth Magic
 * Level 2.7 Alchemy
 * Level 1.8 Invocations
 * Level 1.5 Evocations


You had 2 spell levels left.
You knew the following spells:

 Your Spells              Type           Power      Damage    Failure   Level
a - Sandblast             Erth           42%        2d11      1%          1
b - Stone Arrow           Conj/Erth      36%        3d9       3%          3
c - Mephitic Cloud        Conj/Alch/Air  14%        N/A       5%          3
d - Freezing Cloud        Conj/Ice/Air   6%         6-21      45%         5
e - Static Discharge      Conj/Air       28%        3-5/arc   2%          2

Your spell library contained the following spells:

 Spells                   Type           Power      Damage    Failure   Level
 Mercury Vapours          Alch/Air       26%        N/A       3%          2
 Passwall                 Erth           21%        N/A       2%          3
 Brom's Barrelling Bould  Conj/Erth      18%        2d4       10%         4
 Petrify                  Alch/Erth      17%        N/A       12%         4
 Airstrike                Air            6%         2d(1-17)  19%         4
 Summon Lightning Spire   Summ/Air       8%         N/A       32%         4


Dungeon Overview and Level Annotations

Branches:
Dungeon (7/15)             Temple (1/1) D:5

Altars:
Ashenzari
Cheibriados
Dithmenos
Elyvilon
Fedhas
Kikubaaqudgha
Makhleb
Nemelex Xobeh
Okawaru
Qazlal
Sif Muna
Uskayaw
Vehumet
Xom
Yredelemnul
The Shining One

Shops:
D:2 =   D:3 [   D:4 !*=:=


Innate Abilities, Weirdness & Mutations

You are a tree.
Your roots penetrate the ground, keeping you stationary.
You cannot be teleported.
You are immune to unholy pain and torment.
Your maximum health is greatly increased.
Your equipment is partially melded.
((You can spit globs of acid.))
((Your golden yellow scales are hard. (AC +6)))
You cannot fit into any form of body armour.
((You are cold-blooded and may be slowed by cold attacks.))
((You are resistant to acid. (rCorr)))
You possess an exceptional clarity of mind.
You are clumsy. (Dex -2)
You are strong-willed. (Will+)


Message History

The ice beast is heavily wounded.
The ice beast barely misses you.
You closely miss the ice beast. Your punch misses the ice beast.
The ice beast is heavily wounded.
The ice beast hits you.
* * * LOW HITPOINT WARNING * * *
The ice beast freezes you!
* * * LOW HITPOINT WARNING * * *
You hit the ice beast.
The ice beast is severely wounded.
The ice beast hits you.
* * * LOW HITPOINT WARNING * * *
The ice beast freezes you!
* * * LOW HITPOINT WARNING * * *
You hit the ice beast but do no damage.
The ice beast is severely wounded.
The ice beast completely misses you.
You feel better.
Your transformation is almost over.
The ice beast hits you but does no damage.
You closely miss the ice beast.
The ice beast is severely wounded.
The ice beast hits you but does no damage.
You barely miss the ice beast.
The ice beast is severely wounded.
You have got your breath back.
The ice beast hits you but does no damage.
You hit the ice beast but do no damage.
The ice beast is severely wounded.
The ice beast hits you but does no damage.
You hit the ice beast.
The ice beast is almost dead.
The ice beast hits you but does no damage.
You barely miss the ice beast. You punch the ice beast.
The ice beast is almost dead.
An orc wizard comes into view. It is wielding a +0 dagger.
The ice beast hits you.
* * * LOW HITPOINT WARNING * * *
The ice beast freezes you!
You die...

## ...# .8..8
....o.###################
......$.))Y♣.....>......#
......#.)##############.##
.8..8 #### #######..###
...# (........... ##
#####..≈≈≈≈≈ #..§§≈≈≈ #.
#..≈≈_.≈ #.##..≈≈>8≈
#.##..§§≈§§


You could see an ice beast and an orc wizard.

Vanquished Creatures
  A wyvern (D:7)
  A water moccasin (D:5)
  2 black bears
  3 orc warriors
  2 ice beasts (D:7)
  A centaur (D:7)
  An ogre (D:4)
  A weeping skull (D:5)
  A bullfrog (D:7)
  A scorpion (D:7)
  A jelly (D:6)
  3 howler monkeys (D:7)
  A hound (D:5)
  A gnoll bouda (D:7)
  5 iguanas (D:5)
  3 orc wizards
  4 gnolls (D:4)
  9 adders
  3 shadow imps (D:6)
  2 white imps
  2 ufetubi (D:4)
  3 ribbon worms
  2 dart slugs
  23 orcs
  8 bats
  10 endoplasms
  3 giant cockroaches
  5 goblins
  5 hobgoblins
  9 kobolds
  2 quokkas
  5 ball pythons
  4 frilled lizards
  5 rats
  A spectral orc (D:5)
133 creatures vanquished.

Notes
Turn   | Place    | Note
-------+----------+-------------------------------------------
     0 | D:1      | ChrisAssaf the Draconian Earth Elementalist began the quest
                  | for the Orb.
     0 | D:1      | Reached XP level 1. HP: 14/14 MP: 3/3
   245 | D:1      | Reached XP level 2. HP: 20/20 MP: 3/5
   251 | D:2      | Found a shadowy altar of Dithmenos.
   358 | D:2      | Found Lintekamn's Jewellery Shop.
   476 | D:2      | Reached XP level 3. HP: 27/27 MP: 3/6
   480 | D:2      | Learned a level 3 spell: Stone Arrow
  1164 | D:3      | Found a broken altar of Ashenzari.
  1370 | D:3      | Learned a level 3 spell: Mephitic Cloud
  1470 | D:3      | Reached XP level 4. HP: 34/34 MP: 1/8
  1676 | D:4      | Found a hide-covered altar of Uskayaw.
  1736 | D:4      | Reached skill level 1 in Fighting
  1820 | D:4      | Found Naededac's Distillery.
  1882 | D:4      | Bought a potion of curing for 42 gold pieces
  1892 | D:4      | Noticed a black bear
  1917 | D:4      | Killed a black bear
  1918 | D:4      | Reached skill level 4 in Earth Magic
  1918 | D:4      | Reached XP level 5. HP: 40/40 MP: 5/9
  1944 | D:5      | Entered Level 5 of the Dungeon
  1953 | D:5      | Noticed a water moccasin
  1961 | D:5      | Killed a water moccasin
  1962 | D:5      | Reached skill level 1 in Short Blades
  1962 | D:5      | Reached skill level 1 in Air Magic
  1962 | D:5      | Reached XP level 6. HP: 43/47 MP: 0/11
  2053 | D:5      | Reached skill level 1 in Alchemy
  2061 | D:5      | Found a white marble altar of Elyvilon.
  2321 | D:5      | Found an ancient bone altar of Kikubaaqudgha.
  2389 | D:5      | Gained mutation: You are weak. (Str -2) [potion of
                  | mutation]
  2401 | D:5      | Found a basalt altar of Yredelemnul.
  2684 | D:5      | Found a staircase to the Ecumenical Temple.
  2707 | D:5      | Your scales start taking on a golden yellow colour.
  2707 | D:5      | Reached XP level 7. HP: 33/55 MP: 1/12
  2707 | D:5      | Gained mutation: You are resistant to acid. (rCorr) [Yellow
                  | Draconian growth]
  2787 | D:5      | Learned a level 5 spell: Freezing Cloud
  2789 | Temple   | Entered the Ecumenical Temple
  2796 | Temple   | Became a worshipper of Qazlal Stormbringer
  2872 | D:5      | Identified the +0 leather armour "Nompo" {rElec Dex+2
                  | Slay+3}
  3154 | D:4      | Found Josuwk's Book Shop.
  3312 | D:4      | Found Ynidant's Jewellery Emporium.
  3449 | D:4      | Found Cesiu's Jewellery Boutique.
  3484 | D:4      | Identified the +8 sling of Tuagaskex {freeze, +Blink Str+3}
  3593 | D:4      | Lost mutation: You are weak. (Str -2) [potion of mutation]
  3593 | D:4      | Gained mutation: You are clumsy. (Dex -2) [potion of
                  | mutation]
  3593 | D:4      | Gained mutation: You are strong-willed. (Will+) [potion of
                  | mutation]
  3593 | D:4      | Gained mutation: You possess an exceptional clarity of
                  | mind. [potion of mutation]
  3773 | D:4      | Found Soil's Assorted Antiques.
  3776 | D:4      | Bought a coppery potion for 26 gold pieces
  3776 | D:4      | Bought a scroll labelled GIOME NATS for 29 gold pieces
  3776 | D:4      | Bought a scroll labelled JULUIK PUTO for 29 gold pieces
  3776 | D:4      | Bought a coppery potion for 26 gold pieces
  3990 | D:3      | Found a transporter.
  4112 | D:3      | Found a transporter.
  4112 | D:3      | Found Rashris's Armour Shop.
  5382 | D:1      | Reached * piety under Qazlal
  5838 | D:6      | Learned a level 2 spell: Static Discharge
  5933 | D:6      | Found a blossoming altar of Fedhas.
  6122 | D:6      | Reached skill level 1 in Ranged Weapons
  6139 | D:6      | Found an iron altar of Okawaru.
  6330 | D:6      | Reached XP level 8. HP: 62/62 MP: 10/14
  6487 | D:7      | Reached skill level 1 in Ice Magic
  6487 | D:7      | Reached skill level 1 in Invocations
  6630 | D:7      | Found a burning altar of Makhleb.
  6691 | D:7      | Reached skill level 5 in Earth Magic
  6691 | D:7      | Reached skill level 1 in Evocations
  6862 | D:7      | Found a snail-covered altar of Cheibriados.
  6906 | D:7      | Found a runed translucent door.
  6940 | D:7      | Reached ** piety under Qazlal
  6961 | D:7      | HP: 3/94 [ice beast (10)]
  6968 | D:7      | Slain by an ice beast

Illustrated notes

Levels and vault maps discovered:
D:1:      dpeg_arrival_round_a, layout_basic, st_stairs_4
D:2:      layout_basic, serial_curves, eino_curves_02, eino_curves_01,
          serial_shops, shop, basic_altar
D:3:      layout_loops_corners, ashenzari_altar_1, serial_shops,
          nicolae_shop_drivethru, wander_ebering_terrifying_dragon_lair
D:4:      layout_basic, nicolae_uskayaw_suspiria, serial_shops, kennysheep_mini,
          nicolae_shop_crystal, nicolae_shop_tiny_waterfront,
          nicolae_shop_real_fake_doors,
          nicolae_shop_competitors_out_of_business, moated_statue
D:5:      layout_rooms, yredelemnul_forgotten_temple_becter,
          kiku_gazebo_pond_becter, nicolae_overflow_crystal_walls,
          minmay_temple_entry_mini_moons, kennysheep_generic_room_15
D:6:      layout_basic, old_standard_altar, mainiacjoe_overflow_tiny_flanked,
          dk_vineyard_3, chequers_garden
D:7:      layout_loops_ring, mainiacjoe_overflow_surrounded_room,
          general_overflow_altar, mainiacjoe_overflow_catwalk,
          amcnicky_altar_gilded, minivault_24, lightli_church_of_beogh,
          uniq_maggie
Temple:   hellmonk_temple_micro_hex

Skill      XL: |  1  2  3  4  5  6  7  8 |
---------------+-------------------------+-----
Dodging        | 2 3 |  3.5
Stealth        | 2 3 |  3.5
Fighting       | 1 2 3 |  3.1
Spellcasting   | 3 4 |  4.6
Earth Magic    | 4 5 |  5.2
Short Blades   | 1 |  1.5
Conjurations   | 2 3 |  3.5
Air Magic      | 1 2 |  2.7
Alchemy        | 1 2 |  2.7
Ranged Weapons | 1 3 |  3.4
Ice Magic      | 1 |  1.9
Invocations    | 1 |  1.8
Evocations     | 1 |  1.5

Action                     |  1- 3 |  4- 6 |  7- 9 || total
---------------------------+-------+-------+-------++-------
  Melee: Unarmed           |     6 |       |    14 ||    20
         Tailslap          |     2 |    11 |     1 ||    14
         Short sword       |     8 |    88 |     3 ||    99
         Punch             |       |     2 |     1 ||     3
   Fire: Sling             |       |       |    79 ||    79
   Cast: Sandblast         |    32 |    22 |     8 ||    62
         Stone Arrow       |    11 |    16 |    20 ||    47
         Mephitic Cloud    |       |     4 |     2 ||     6
         Static Discharge  |       |       |    10 ||    10
Ability: Breathe Acid      |       |       |    12 ||    12
  Evoke: Wand              |       |       |     2 ||     2
    Use: Potion            |     1 |     3 |     4 ||     8
         Scroll            |     6 |     5 |    12 ||    23
   Stab: Sleeping          |     1 |       |       ||     1
 Armour: Skin              |    24 |    55 |    65 ||   144
  Dodge: Dodged            |    18 |    62 |    26 ||   106
  Block: Other             |       |       |     1 ||     1
